 Dungeon Crawl Stone Soup version 0.24.0-123-gd5b16e6ec5 (webtiles) character file.

Game seed: 15861151541061920642, levelgen mode: deterministic

2812 Jaqob the Cleaver (level 9, -8/81 HPs)
             Began as a Minotaur Berserker on Jan 22, 2020.
             Was a Priest of Trog.
             Mangled by an ice beast (13 damage)
             ... on level 8 of the Dungeon.
             The game lasted 00:14:31 (6367 turns).

Jaqob the Cleaver (Minotaur Berserker)              Turns: 6367, Time: 00:14:31

Health: -8/81      AC:  7    Str: 24    XL:     9   Next: 44%
Magic:  11/11      EV: 14    Int:  4    God:    Trog [***...]
Gold:   145        SH:  0    Dex: 11    Spells: 12/12 levels left

rFire    . . .     SeeInvis .   y - +0 war axe
rCold    . . .     Gourm    .   (no shield)
rNeg     . . .     Faith    .   r - +0 steam dragon scales
rPois    .         Spirit   .   (helmet restricted)
rElec    .         Reflect  .   (no cloak)
rCorr    .         Harm     .   (no gloves)
MR       +....                  c - +0 pair of boots
Stlth    ++........             q - amulet of rage
HPRegen  0.23/turn              (no ring)
MPRegen  0.12/turn              (no ring)

@: lethally poisoned (-8 -> -12), drained
A: retaliatory headbutt, horns 2, talons 1, magic resistance 1, sturdy frame 1
a: Berserk, Trog's Hand, Renounce Religion, Evoke Berserk Rage


You were on level 8 of the Dungeon.
You worshipped Trog.
Trog was most pleased with you.
You were not hungry.

You visited 1 branch of the dungeon, and saw 8 of its levels.

You collected 431 gold pieces.
You spent 286 gold pieces at shops.

Inventory:

Hand Weapons
 a - a +1 hand axe
 l - a -2 spear
 y - a +0 war axe (weapon)
Armour
 b - a +1 animal skin
 c - a +0 pair of boots (worn)
 n - a +0 ring mail
 r - +0 steam dragon scales (worn)
Jewellery
 p - an uncursed amulet of inaccuracy
 q - an amulet of rage (around neck)
 s - an uncursed amulet of the gourmand {unknown}
 A - an uncursed ring of magical power {unknown}
Scrolls
 f - 3 scrolls of identify
 g - a scroll of blinking {unknown}
 i - 2 scrolls of random uselessness
 k - a scroll of enchant weapon
 m - 2 scrolls of amnesia
 o - 4 scrolls of teleportation
 t - 5 scrolls of remove curse
 u - 2 scrolls of fog
 x - a scroll of enchant armour
 z - a scroll of torment {unknown}
 B - a scroll of magic mapping {unknown}
Potions
 d - 2 potions of resistance
 e - 5 potions of curing
 h - a potion of lignification
 w - 3 potions of ambrosia
Comestibles
 j - 9 rations


   Skills:
 + Level 8.0(7.0) Fighting
 + Level 10.1(9.0) Axes
 + Level 3.6(2.7) Throwing
 + Level 6.2(5.2) Armour
 + Level 7.0(6.0) Dodging
 + Level 4.3(3.4) Stealth
 + Level 4.0(3.1) Unarmed Combat
 + Level 2.4(1.6) Spellcasting


You had 12 spell levels left.
You didn't know any spells.
Your spell library was empty.

Dungeon Overview and Level Annotations

Branches:
Dungeon (8/15)             Temple (0/1) D:4
   Lair: D:8-11

Altars:
Ashenzari
Cheibriados
Dithmenos
Fedhas
Trog
Xom
Yredelemnul

Shops:
D:5 (   D:6 !


Innate Abilities, Weirdness & Mutations

You reflexively headbutt those who attack you in melee.
You have a pair of horns on your head.
You have sharp toenails.
You are resistant to hostile enchantments. (MR+)
Your movements are slightly less encumbered by armour. (ER -2)


Message History

You are poisoned.
The ice beast hits you but does no damage.
The wight hits you but does no damage. The gnoll misses you.
You feel sick.
You feel sick. The ice beast completely misses you. You furiously retaliate!
You headbutt the ice beast! The gnoll closely misses you.
The wight hits you with a cursed +4 falchion.
* * * LOW HITPOINT WARNING * * *
You feel drained.
* * * LOW HITPOINT WARNING * * *
You feel sick.
The gnoll sergeant hits you from afar with a +4 spear of venom!
* * * LOW HITPOINT WARNING * * *
The wight hits you with a cursed +4 falchion.
* * * LOW HITPOINT WARNING * * *
You feel sick. The ice beast hits you.
* * * LOW HITPOINT WARNING * * *
The ice beast freezes you!
You die...

#
#####...####..#
##. ##.## ##...
#... ##.# #.##
#.... #..# .#
#....##.## ##
#......## .#
#.......## ..#
#.......<####.#
..........@.#..#
.####..####Y..#
#....#.z.##
##.>.gg.##
##..)### #..#
.... #.....
##...


You could see an ice beast and a wight.

Vanquished Creatures
  A hippogriff (D:8)
  2 steam dragons (D:5)
  A water moccasin (D:7)
  2 sky beasts
  2 black bears
  An ice beast (D:7)
  2 orc warriors
  A centaur (D:6)
  7 bullfrogs
  4 scorpions
  A centaur zombie (D:6)
  A crimson imp (D:5)
  3 hounds
  3 orc priests
  An orc wizard (D:4)
  3 worker ants
  A killer bee zombie (D:7)
  A hound skeleton (D:4)
  A howler monkey zombie (D:7)
  10 gnolls
  11 adders
  A river rat (D:5)
  An adder zombie (D:6)
  4 oozes
  2 adder skeletons (D:6)
  2 worms (D:4)
  2 dart slugs
  4 leopard geckos
  40 orcs
  4 bats
  9 giant cockroaches
  7 goblins
  6 hobgoblins
  15 jackals
  7 kobolds
  A quokka (D:6)
  2 ball pythons (D:5)
  6 frilled lizards
  A leopard gecko zombie (D:5)
  10 rats
  A fungus (D:5)
184 creatures vanquished.

Notes
Turn   | Place    | Note
-------+----------+-------------------------------------------
     0 | D:1      | Jaqob the Minotaur Berserker began the quest for the Orb.
     0 | D:1      | Reached XP level 1. HP: 19/19 MP: 0/0
   341 | D:1      | Reached XP level 2. HP: 25/27 MP: 1/1
   428 | D:1      | Reached skill level 4 in Axes
   929 | D:2      | Reached XP level 3. HP: 29/33 MP: 2/2
  1086 | D:2      | Reached ** piety under Trog
  1399 | D:2      | Reached XP level 4. HP: 41/41 MP: 3/3
  1445 | D:2      | Reached skill level 6 in Axes
  1445 | D:2      | Reached skill level 5 in Armour
  1445 | D:2      | Reached skill level 5 in Dodging
  1445 | D:2      | Reached XP level 5. HP: 14/51 MP: 3/7
  1447 | D:2      | Gained mutation: You are resistant to hostile enchantments.
                  | (MR+) [potion of mutation]
  1447 | D:2      | Gained mutation: Your movements are slightly less
                  | encumbered by armour. (ER -2) [potion of mutation]
  1447 | D:2      | Gained mutation: You have sharp toenails. [potion of
                  | mutation]
  2301 | D:3      | Reached * piety under Trog
  2577 | D:4      | Reached XP level 6. HP: 58/58 MP: 8/8
  2592 | D:4      | Reached skill level 7 in Axes
  2905 | D:4      | Found a staircase to the Ecumenical Temple.
  3198 | D:5      | Entered Level 5 of the Dungeon
  3311 | D:5      | Found a blossoming altar of Fedhas.
  3312 | D:5      | Noticed a sky beast
  3325 | D:5      | Killed a sky beast
  3325 | D:5      | Reached XP level 7. HP: 25/64 MP: 9/9
  3643 | D:5      | Found a snail-covered altar of Cheibriados.
  3886 | D:5      | Noticed a steam dragon
  3888 | D:5      | Noticed a steam dragon
  3896 | D:5      | Killed a steam dragon
  3902 | D:5      | Killed a steam dragon
  3902 | D:5      | Reached skill level 8 in Axes
  4060 | D:5      | Found Hysser's Antique Weapon Shop.
  4342 | D:6      | Reached XP level 8. HP: 73/73 MP: 10/10
  4735 | D:6      | Reached skill level 9 in Axes
  4959 | D:6      | Found Hore's Distillery.
  4962 | D:6      | Bought a potion of heal wounds for 65 gold pieces
  4962 | D:6      | Bought a potion of curing for 39 gold pieces
  4962 | D:6      | Bought a potion of curing for 39 gold pieces
  4962 | D:6      | Bought a potion of curing for 39 gold pieces
  4962 | D:6      | Bought a potion of ambrosia for 104 gold pieces
  5384 | D:7      | Reached *** piety under Trog
  5601 | D:7      | Found a shattered altar of Ashenzari.
  5603 | D:7      | Found a shimmering altar of Xom.
  5657 | D:7      | Found a bloodstained altar of Trog.
  5713 | D:7      | Found a basalt altar of Yredelemnul.
  5731 | D:7      | Reached XP level 9. HP: 74/79 MP: 11/11
  6156 | D:8      | Reached skill level 10 in Axes
  6317 | D:8      | Found a shadowy altar of Dithmenos.
  6367 | D:8      | Mangled by an ice beast

Levels and vault maps discovered:
D:1:      dpeg_arrival_rhombus, layout_rooms, serial_rivers,
          chequers_serial_rivers_micro_e, chequers_serial_rivers_room_b,
          chequers_serial_rivers_marsh, chequers_serial_rivers_large_b,
          chequers_serial_rivers_marsh
D:2:      layout_basic
D:3:      layout_loops_ring, minivault_27, minmay_lizard_king
D:4:      layout_loops_cross, minmay_temple_entry_wispy, bh_walls_and_bars
D:5:      kennysheep_steamy, layout_basic, fedhas_altar_1, lemuel_doored_altar,
          serial_shops, shop, first_ration, portal_sewer_entry_a,
          grunt_ministairs_14
D:6:      layout_basic, serial_shops, nicolae_shop_behind_doors
D:7:      layout_rooms, yredelemnul_altar_generic, lightli_temple_of_fire,
          grunt_temple_overflow_open
D:8:      layout_layer_cave, grunt_dithmenos_smoke, lair_entry_dummy,
          serial_shops, shop, uniq_erica

Skill      XL: |  1  2  3  4  5  6  7  8  9 |
---------------+----------------------------+-----
Fighting       | 4 6 7 8 |  8.0
Axes           | 4 6 7 8 9 10 | 10.1
Armour         | 5 6 |  6.2
Dodging        | 5 6 7 |  7.0
Throwing       | 3 |  3.6
Stealth        | 3 4 |  4.3
Unarmed Combat | 4 |  4.0
Spellcasting   | 2 |  2.4

Action                   |  1- 3 |  4- 6 |  7- 9 || total
-------------------------+-------+-------+-------++-------
Melee: Hand axe          |    71 |   140 |   125 ||   336
       Headbutt          |    18 |    25 |    45 ||    88
       Punch             |       |     1 |     3 ||     4
       War axe           |       |       |    61 ||    61
Invok: Trog's Hand       |       |       |     1 ||     1
  Use: Potion            |       |     6 |     4 ||    10
       Scroll            |       |     8 |     3 ||    11
 Stab: Sleeping          |     2 |     1 |     2 ||     5
       Distracted        |       |       |     1 ||     1
  Eat: Ration            |     1 |     2 |     3 ||     6
Armor: Animal skin       |    13 |    23 |       ||    36
       Ring mail         |       |     3 |     6 ||     9
       Steam dragon scal |       |       |    41 ||    41
Dodge: Dodged            |    53 |   111 |   168 ||   332
